Avalanche vs Sharks
Created - 6 janvier 2014 at 19:06
Goals
|
| Avalanche |
1 |
2 |
1 |
4 |
| Sharks |
1 |
0 |
0 |
1 |
|
Shots
|
| Avalanche |
7 |
5 |
16 |
28 |
| Sharks |
9 |
11 |
10 |
30 |
|
1st period
1. Avalanche , Andrew Ladd 5 (Chuck Kobasew) at 9:53
2. Sharks , Ian Laperriere 3 (Daniel Sedin, Mikko Koivu) at 15:52
Penalties :
Andrew Ladd (Col) for Cross-checking (Minor) at 6:01
2nd period
3. Avalanche , Ryan Smyth 19 (Jack Johnson, Jason Pominville) at 7:56 (PP)
4. Avalanche , Richard Zednik 5 (Bryan Little, Rostislav Olesz) at 9:14
Penalties :
Jack Johnson (Col) for Holding (Minor) at 2:27, David Krejci (SJS) for Tripping (Minor) at 7:48, Dave Tanabe (Col) for Hooking (Minor) at 10:34, Ryan Smyth (Col) for Kneeing (Major) at 13:09
3rd period
5. Avalanche , Ryan Smyth 20 (Oleg Kvasha, Shane O'Brien) at 1:52
Penalties :
Alex Pietrangelo (SJS) for Roughing (Minor) at 3:27
Goalie Stats
Marty Turco (Col), 29 saves from 30 shots - (0,967), W, 12-10-2, 60:00 minutes
Martin Biron (SJS), 13 saves from 13 shots - (1,000), 18:08 minutes
Tyler Weiman (SJS), 11 saves from 15 shots - (0,733), L, 9-11-3, 41:52 minutes
Players Stats for Avalanche
Player Name G A P +/- PIM S H SB GA TA FO MP PP MP PK MP
------------------------------------------------------------------------------------
Andrew Ladd 1 0 1 0 2 2 1 0 0 0 0/0 12:18 0:00 3:28
Brian Campbell 0 0 0 -1 0 1 1 1 1 2 0/0 19:38 1:06 1:40
Bryan Little 0 1 1 1 0 2 2 0 0 0 1/3 11:47 0:55 2:22
Chuck Kobasew 0 1 1 0 0 1 1 0 0 0 1/1 12:13 0:02 3:06
Corey Perry 0 0 0 0 0 4 1 0 1 1 0/1 13:37 0:55 0:00
Dave Tanabe 0 0 0 2 2 0 3 0 0 0 0/0 15:51 1:01 0:36
Drew Doughty 0 0 0 1 0 2 2 4 0 1 0/0 22:25 1:06 5:14
Erik Cole 0 0 0 0 0 1 2 1 0 1 1/1 18:12 0:02 5:10
Jack Johnson 0 1 1 -1 2 3 0 0 0 2 0/0 22:24 1:01 4:25
Jason Pominville 0 1 1 1 0 0 3 1 0 0 1/1 17:50 1:10 0:00
Marc Staal 0 0 0 1 0 1 0 1 0 1 0/0 21:55 0:00 5:06
Maxim Talbot 0 0 0 0 0 0 1 0 0 0 1/3 8:55 0:00 0:07
Mike Comrie 0 0 0 0 0 3 2 0 0 0 6/15 18:03 0:00 5:21
Oleg Kvasha 0 1 1 1 0 1 1 0 0 0 15/32 17:50 1:10 0:00
Richard Zednik 1 0 1 1 0 1 0 0 0 0 0/0 8:24 0:02 0:00
Rostislav Olesz 0 1 1 1 0 1 3 0 0 0 0/0 11:33 0:55 2:09
Ryan Smyth 2 0 2 1 5 4 0 0 0 0 0/1 17:58 1:10 0:09
Shane O'Brien 0 1 1 2 0 1 2 2 0 0 0/0 18:07 0:00 4:51
Players Stats for Sharks
Player Name G A P +/- PIM S H SB GA TA FO MP PP MP PK MP
------------------------------------------------------------------------------------
Adam Mair 0 0 0 -1 0 1 1 0 1 0 3/6 11:30 0:19 0:47
Adam Pardy 0 0 0 0 0 1 1 0 0 1 0/0 19:36 4:36 0:54
Alex Pietrangelo 0 0 0 -1 2 0 0 2 0 0 0/0 13:45 0:43 0:00
Andrei Markov 0 0 0 0 0 2 0 2 1 0 0/0 19:36 4:36 0:54
Daniel Sedin 0 1 1 1 0 3 5 0 1 0 1/1 18:02 4:25 0:47
Dany Heatley 0 0 0 0 0 3 4 1 1 1 2/4 21:34 5:23 1:04
David Krejci 0 0 0 -2 2 1 3 0 0 0 2/3 8:44 0:00 0:16
Filip Kuba 0 0 0 -1 0 3 0 0 0 0 0/0 26:39 5:37 1:13
Georges Laraque 0 0 0 0 0 1 0 0 2 0 2/3 20:26 5:16 0:00
Henrik Sedin 0 0 0 0 0 6 3 0 0 0 15/27 23:07 5:21 1:17
Ian Laperriere 1 0 1 1 0 3 1 0 0 0 0/0 17:15 4:25 0:00
Joni Pitkanen 0 0 0 -1 0 0 2 0 2 0 0/0 26:39 5:37 1:13
Martin Samuelsson 0 0 0 -2 0 1 1 0 0 0 0/0 8:03 0:39 0:03
Michael Stone 0 0 0 -1 0 0 0 0 0 0 0/0 13:45 0:43 0:00
Mikko Koivu 0 1 1 1 0 4 2 0 0 0 6/13 17:15 4:25 0:00
Patrick Eaves 0 0 0 -1 0 1 0 0 0 0 0/0 11:21 0:57 0:00
Ryan Callahan 0 0 0 -2 0 0 1 0 0 0 0/0 7:56 0:42 0:00
Tomas Fleischmann 0 0 0 -1 0 0 0 1 0 0 1/1 12:38 0:56 0:00
3 Stars
1 - Marty Turco (Col)
2 - Ian Laperriere (SJS)
3 - Daniel Sedin (SJS)
Power Play
Avalanche - 1 on 2 Attempt(s) - 50,00%
Sharks - 0 on 4 Attempt(s) - 0,00%
Penalty Kill
Avalanche - 4 on 4 Attempt(s) - 100,00%
- Score 0 goal in Penalty Kill
Sharks - 1 on 2 Attempt(s) - 50,00%
- Score 0 goal in Penalty Kill
Official
Referees : Banfield David and Sutherland Kelly
Linesman : Mike Cvik and David Brisebois
Game Notes
15:52 of 1st period - Sharks goal is going for a video replay. After video review, Goal.
Martin Biron enters game at 1:52 of 3rd period
Finance
Level 1 -- Attendance: 5869 (97,82%) -- Ticket Income 498 865 $
Level 2 -- Attendance: 3530 (70,60%) -- Ticket Income 187 090 $
Level 3 -- Attendance: 1404 (70,20%) -- Ticket Income 47 736 $
Level 4 -- Attendance: 3356 (83,90%) -- Ticket Income 63 764 $
Luxury Box -- Attendance: 788 (78,80%) -- Ticket Income 141 840 $
Game was played at the Hockey Place Center
Total Attendance: 14947 (83,04%)
Total Ticket Income: 939 295 $
Other Income: 140 894 $
Total Income: 1 080 189 $
Avalanche
5 vs 5 Forward
Center Left Wing Right Wing Time % Phy DF OF
1 Oleg Kvasha Ryan Smyth Jason Pominville 40 1 2 2
2 Mike Comrie Erik Cole Corey Perry 30 1 2 2
3 Maxim Talbot Andrew Ladd Chuck Kobasew 15 2 2 1
4 Bryan Little Rostislav Olesz Richard Zednik 15 0 2 3
5 vs 5 Defense
Defense Defense Time % Phy DF OF
1 Jack Johnson Brian Campbell 35 1 2 2
2 Drew Doughty Marc Staal 35 1 2 2
3 Dave Tanabe Shane O'Brien 30 1 2 2
4 Marc Staal Brian Campbell 0 1 2 2
PowerPlay Forward
Center Left Wing Right Wing Time % Phy DF OF
1 Oleg Kvasha Ryan Smyth Jason Pominville 60 1 2 2
2 Bryan Little Rostislav Olesz Corey Perry 40 1 2 2
PowerPlay Defense
Defense Defense Time % Phy DF OF
1 Drew Doughty Brian Campbell 60 1 2 2
2 Jack Johnson Dave Tanabe 40 1 2 2
Penalty Kill 4 Players Forward
Center Wing Time % Phy DF OF
1 Mike Comrie Erik Cole 60 1 2 2
2 Chuck Kobasew Andrew Ladd 40 1 2 2
Penalty Kill 4 Players Defense
Defense Defense Time % Phy DF OF
1 Marc Staal Shane O'Brien 60 1 2 2
2 Jack Johnson Drew Doughty 40 1 2 2
Penalty Kill - 3 Players Forward
Forward Time % Phy DF OF
1 Mike Comrie 60 1 2 2
2 Jason Pominville 40 1 2 2
Penalty Kill - 3 Players Defense
Defense Defense Time % Phy DF OF
1 Marc Staal Drew Doughty 60 1 2 2
2 Jack Johnson Shane O'Brien 40 1 2 2
4 vs 4 Forward
Center Wing Time % Phy DF OF
1 Oleg Kvasha Jason Pominville 60 1 2 2
2 Mike Comrie Corey Perry 40 1 2 2
4 vs 4 Defense
Defense Defense Time % Phy DF OF
1 Marc Staal Brian Campbell 60 1 2 2
2 Jack Johnson Dave Tanabe 40 1 2 2
Last Minutes Offensive
Center Left Wing Right Wing Defense Defense
Oleg Kvasha Ryan Smyth Jason Pominville Drew Doughty Brian Campbell
Last Minutes Defensive
Center Left Wing Right Wing Defense Defense
Mike Comrie Ryan Smyth Jason Pominville Marc Staal Jack Johnson
Goaltenders
Starting : Marty Turco
Backup : Patrick Lalime
Extra Forwards
Normal : Jason Pominville, Mike Comrie, Andrew Ladd - PP : Richard Zednik, Erik Cole - PK : Andrew Ladd
Extra Defensemen
Normal : Marc Staal, Drew Doughty, Jack Johnson - PP : Drew Doughty - PK : Drew Doughty, Jack Johnson
Penalty Shots
Bryan Little, Jason Pominville, Corey Perry, Mike Comrie, Oleg Kvasha
Sharks
5 vs 5 Forward
Center Left Wing Right Wing Time % Phy DF OF
1 Henrik Sedin Dany Heatley Georges Laraque 40 1 2 2
2 Mikko Koivu Daniel Sedin Ian Laperriere 30 1 2 2
3 Adam Mair Tomas Fleischmann Patrick Eaves 20 1 2 2
4 David Krejci Martin Samuelsson Ryan Callahan 10 1 2 2
5 vs 5 Defense
Defense Defense Time % Phy DF OF
1 Joni Pitkanen Filip Kuba 40 1 2 2
2 Andrei Markov Adam Pardy 30 1 2 2
3 Alex Pietrangelo Michael Stone 20 1 2 2
4 Joni Pitkanen Filip Kuba 10 1 2 2
PowerPlay Forward
Center Left Wing Right Wing Time % Phy DF OF
1 Henrik Sedin Dany Heatley Georges Laraque 60 1 2 2
2 Mikko Koivu Daniel Sedin Ian Laperriere 40 1 2 2
PowerPlay Defense
Defense Defense Time % Phy DF OF
1 Joni Pitkanen Filip Kuba 60 1 2 2
2 Andrei Markov Adam Pardy 40 1 2 2
Penalty Kill 4 Players Forward
Center Wing Time % Phy DF OF
1 Dany Heatley Henrik Sedin 60 1 2 2
2 Daniel Sedin Georges Laraque 40 1 2 2
Penalty Kill 4 Players Defense
Defense Defense Time % Phy DF OF
1 Joni Pitkanen Filip Kuba 60 1 2 2
2 Andrei Markov Adam Pardy 40 1 2 2
Penalty Kill - 3 Players Forward
Forward Time % Phy DF OF
1 Dany Heatley 60 1 2 2
2 Henrik Sedin 40 1 2 2
Penalty Kill - 3 Players Defense
Defense Defense Time % Phy DF OF
1 Joni Pitkanen Filip Kuba 60 1 2 2
2 Andrei Markov Adam Pardy 40 1 2 2
4 vs 4 Forward
Center Wing Time % Phy DF OF
1 Dany Heatley Henrik Sedin 60 1 2 2
2 Daniel Sedin Georges Laraque 40 1 2 2
4 vs 4 Defense
Defense Defense Time % Phy DF OF
1 Joni Pitkanen Filip Kuba 60 1 2 2
2 Andrei Markov Adam Pardy 40 1 2 2
Last Minutes Offensive
Center Left Wing Right Wing Defense Defense
Henrik Sedin Dany Heatley Georges Laraque Joni Pitkanen Filip Kuba
Last Minutes Defensive
Center Left Wing Right Wing Defense Defense
Henrik Sedin Dany Heatley Georges Laraque Joni Pitkanen Filip Kuba
Goaltenders
Starting : Tyler Weiman
Backup : Martin Biron
Extra Forwards
Normal : Tomas Fleischmann, Patrick Eaves, Adam Mair - PP : Tomas Fleischmann, Patrick Eaves - PK : Adam Mair
Extra Defensemen
Normal : Alex Pietrangelo, Michael Stone, Andrei Markov - PP : Alex Pietrangelo - PK : Michael Stone, Andrei Markov
Penalty Shots
Dany Heatley, Henrik Sedin, Daniel Sedin, Georges Laraque, Mikko Koivu
% Time on Ice - Avalanche
Lines # - Real PCT - Wanted PCT - Time Play
Normal Forward
1 - 37% - 40% - 17:22
2 - 27% - 30% - 12:42
3 - 19% - 15% - 8:48
4 - 17% - 15% - 8:05
Normal Defense
1 - 35% - 35% - 16:32
2 - 36% - 35% - 16:49
3 - 28% - 30% - 13:17
4 - 1% - 0% - 0:19
PP Forward
1 - 57% - 60% - 1:12
2 - 43% - 40% - 0:55
PP Defense
1 - 52% - 60% - 1:06
2 - 48% - 40% - 1:01
PK Forward
1 - 72% - 60% - 7:50
2 - 28% - 40% - 3:06
PK Defense
1 - 52% - 60% - 5:42
2 - 48% - 40% - 5:14
PK3 Forward
1 - 0% - 60%
2 - 0% - 40%
PK3 Defense
1 - 0% - 60%
2 - 0% - 40%
44 Forward
1 - 0% - 60%
2 - 0% - 40%
44 Defense
1 - 0% - 60%
2 - 0% - 40%
Last Minute Offensive - 0:00
Last Minute Defensive - 0:00
Total
Forward - 60:00
Defense - 60:00
|
% Time on Ice - Sharks
Lines # - Real PCT - Wanted PCT - Time Play
Normal Forward
1 - 35% - 40% - 16:29
2 - 27% - 30% - 12:50
3 - 22% - 20% - 10:24
4 - 15% - 10% - 7:14
Normal Defense
1 - 39% - 40% - 18:24
2 - 30% - 30% - 14:06
3 - 28% - 20% - 13:02
4 - 3% - 10% - 1:25
PP Forward
1 - 52% - 60% - 5:43
2 - 48% - 40% - 5:13
PP Defense
1 - 58% - 60% - 6:20
2 - 42% - 40% - 4:36
PK Forward
1 - 100% - 60% - 2:07
2 - 0% - 40% - 0:00
PK Defense
1 - 57% - 60% - 1:13
2 - 43% - 40% - 0:54
PK3 Forward
1 - 0% - 60%
2 - 0% - 40%
PK3 Defense
1 - 0% - 60%
2 - 0% - 40%
44 Forward
1 - 0% - 60%
2 - 0% - 40%
44 Defense
1 - 0% - 60%
2 - 0% - 40%
Last Minute Offensive - 0:00
Last Minute Defensive - 0:00
Total
Forward - 60:00
Defense - 60:00
|
Play by Play
1st period
0:01 of 1st period - Jason Pominville wins face-off versus Henrik Sedin in neutral zone.
0:04 of 1st period - Henrik Sedin is hit by Jason Pominville and loses puck.
0:27 of 1st period - Filip Kuba is hit by Erik Cole and loses puck.
1:15 of 1st period - Marc Staal is hit by Martin Samuelsson and loses puck.
1:28 of 1st period - Filip Kuba is hit by Drew Doughty and loses puck.
1:57 of 1st period - Slapshot by Mike Comrie.
1:57 of 1st period - Shot Misses the Net.
1:59 of 1st period - Snap shot by Mike Comrie.
1:59 of 1st period - Stopped by Tyler Weiman without a rebound.
2:00 of 1st period - Oleg Kvasha wins face-off versus Adam Mair in Sharks zone.
2:07 of 1st period - Slapshot by Adam Mair.
2:07 of 1st period - Shot Blocked by Drew Doughty.
2:09 of 1st period - Wrist shot by Patrick Eaves.
2:09 of 1st period - Shot Blocked by Drew Doughty.
3:16 of 1st period - Alex Pietrangelo is hit by Bryan Little and loses puck.
3:31 of 1st period - Snap shot by Patrick Eaves.
3:31 of 1st period - Shot Blocked by Jason Pominville.
3:33 of 1st period - Slapshot by Tomas Fleischmann.
3:33 of 1st period - Shot Misses the Net.
3:35 of 1st period - Slapshot by Alex Pietrangelo.
3:35 of 1st period - Shot Misses the Net.
3:47 of 1st period - Snap shot by Corey Perry.
3:47 of 1st period - Stopped by Tyler Weiman without a rebound.
3:48 of 1st period - Mike Comrie wins face-off versus Henrik Sedin in Sharks zone.
3:59 of 1st period - Snap shot by Corey Perry.
3:59 of 1st period - Shot Misses the Net.
4:03 of 1st period - Snap shot by Corey Perry.
4:03 of 1st period - Stopped by Tyler Weiman without a rebound.
4:04 of 1st period - Mikko Koivu wins face-off versus Oleg Kvasha in Sharks zone.
4:13 of 1st period - Slapshot by Mikko Koivu.
4:13 of 1st period - Stopped by Marty Turco with a rebound.
4:29 of 1st period - Joni Pitkanen is hit by Dave Tanabe and loses puck.
5:02 of 1st period - Slapshot by Erik Cole.
5:02 of 1st period - Shot Misses the Net.
6:01 of 1st period - Minor Penalty to Andrew Ladd for Cross-checking.
6:02 of 1st period - Henrik Sedin wins face-off versus Mike Comrie in Avalanche zone.
7:55 of 1st period - Icing by Andrei Markov.
7:56 of 1st period - Mikko Koivu wins face-off versus Bryan Little in Sharks zone.
8:01 of 1st period - Penalty to Andrew Ladd is over, Andrew Ladd is back on ice.
8:08 of 1st period - Off-side.
8:09 of 1st period - Adam Mair wins face-off versus Oleg Kvasha in neutral zone.
8:35 of 1st period - Georges Laraque is hit by Mike Comrie and loses puck.
8:56 of 1st period - Snap shot by David Krejci.
8:56 of 1st period - Shot Blocked by Brian Campbell.
8:58 of 1st period - Snap shot by Martin Samuelsson.
8:58 of 1st period - Shot Misses the Net.
9:00 of 1st period - Snap shot by David Krejci.
9:00 of 1st period - Stopped by Marty Turco without a rebound.
9:01 of 1st period - Oleg Kvasha wins face-off versus Henrik Sedin in Avalanche zone.
9:08 of 1st period - Snap shot by Oleg Kvasha.
9:08 of 1st period - Shot Misses the Net.
9:26 of 1st period - Mike Comrie is hit by Daniel Sedin and loses puck.
9:53 of 1st period - Wrist shot by Andrew Ladd.
9:53 of 1st period - Goal by Andrew Ladd - Avalanche : 1 - Sharks : 0.
9:54 of 1st period - Henrik Sedin wins face-off versus Oleg Kvasha in neutral zone.
10:49 of 1st period - Brian Campbell is hit by David Krejci and loses puck.
11:09 of 1st period - Wrist shot by Adam Mair.
11:09 of 1st period - Stopped by Marty Turco with a rebound.
11:19 of 1st period - Snap shot by Henrik Sedin.
11:19 of 1st period - Shot Misses the Net.
12:05 of 1st period - Slapshot by Andrei Markov.
12:05 of 1st period - Deflect By Martin Samuelsson.
12:05 of 1st period - Stopped by Marty Turco without a rebound.
12:06 of 1st period - Bryan Little wins face-off versus David Krejci in Avalanche zone.
12:13 of 1st period - Slapshot by Drew Doughty.
12:13 of 1st period - Shot Blocked by Andrei Markov.
13:18 of 1st period - Slapshot by Corey Perry.
13:18 of 1st period - Stopped by Tyler Weiman with a rebound.
13:36 of 1st period - Backhand shot by Dany Heatley.
13:36 of 1st period - Shot Misses the Net.
13:38 of 1st period - Wrist shot by Henrik Sedin.
13:38 of 1st period - Shot Misses the Net.
13:40 of 1st period - Wrist shot by Dany Heatley.
13:40 of 1st period - Shot Blocked by Shane O'Brien.
13:42 of 1st period - Slapshot by Henrik Sedin.
13:42 of 1st period - Stopped by Marty Turco with a rebound.
13:58 of 1st period - Snap shot by Mikko Koivu.
13:58 of 1st period - Shot Misses the Net.
14:43 of 1st period - Snap shot by Mike Comrie.
14:43 of 1st period - Stopped by Tyler Weiman without a rebound.
14:44 of 1st period - Mike Comrie wins face-off versus Henrik Sedin in Sharks zone.
14:53 of 1st period - Snap shot by Dany Heatley.
14:53 of 1st period - Deflect By Henrik Sedin.
14:53 of 1st period - Shot Blocked by Erik Cole.
14:53 of 1st period - Puck is out of play.
14:54 of 1st period - Oleg Kvasha wins face-off versus Henrik Sedin in Avalanche zone.
15:32 of 1st period - Slapshot by Filip Kuba.
15:32 of 1st period - Shot Misses the Net.
15:50 of 1st period - Wrist shot by Daniel Sedin.
15:50 of 1st period - Shot Misses the Net.
15:52 of 1st period - Slapshot by Ian Laperriere.
15:52 of 1st period - Sharks goal is going for a video replay.
15:52 of 1st period - The goal is good.
15:52 of 1st period - Goal by Ian Laperriere - Avalanche : 1 - Sharks : 1.
15:53 of 1st period - Henrik Sedin wins face-off versus Ryan Smyth in neutral zone.
16:20 of 1st period - Drew Doughty is hit by Joni Pitkanen.
16:25 of 1st period - Off-side.
16:26 of 1st period - Henrik Sedin wins face-off versus Mike Comrie in neutral zone.
16:35 of 1st period - Snap shot by Dany Heatley.
16:35 of 1st period - Stopped by Marty Turco without a rebound.
16:36 of 1st period - Erik Cole wins face-off versus Henrik Sedin in Avalanche zone.
16:50 of 1st period - Icing by Andrei Markov.
16:51 of 1st period - Henrik Sedin wins face-off versus Oleg Kvasha in Sharks zone.
17:26 of 1st period - Snap shot by Mike Comrie.
17:26 of 1st period - Stopped by Tyler Weiman without a rebound.
17:27 of 1st period - Mikko Koivu wins face-off versus Oleg Kvasha in Sharks zone.
18:13 of 1st period - Wrist shot by Andrew Ladd.
18:13 of 1st period - Shot Blocked by Tomas Fleischmann.
18:21 of 1st period - Slapshot by Andrei Markov.
18:21 of 1st period - Stopped by Marty Turco with a rebound.
18:31 of 1st period - Andrew Ladd is hit by Mikko Koivu and loses puck.
18:36 of 1st period - Snap shot by Daniel Sedin.
18:36 of 1st period - Stopped by Marty Turco without a rebound.
18:37 of 1st period - Oleg Kvasha wins face-off versus Mikko Koivu in Avalanche zone.
18:37 of 1st period - Oleg Kvasha is hit by Daniel Sedin.
19:00 of 1st period - Icing by Daniel Sedin.
19:01 of 1st period - Mike Comrie wins face-off versus Henrik Sedin in Sharks zone.
19:45 of 1st period - Icing by Dave Tanabe.
19:46 of 1st period - Oleg Kvasha wins face-off versus Adam Mair in Avalanche zone.
2nd period
0:01 of 2nd period - Oleg Kvasha wins face-off versus Henrik Sedin in neutral zone.
1:02 of 2nd period - Off-side.
1:03 of 2nd period - David Krejci wins face-off versus Oleg Kvasha in neutral zone.
1:56 of 2nd period - Wrist shot by Drew Doughty.
1:56 of 2nd period - Stopped by Tyler Weiman with a rebound.
1:58 of 2nd period - Slapshot by Drew Doughty.
1:58 of 2nd period - Shot Misses the Net.
2:00 of 2nd period - Slapshot by Brian Campbell.
2:00 of 2nd period - Stopped by Tyler Weiman without a rebound.
2:01 of 2nd period - Dany Heatley wins face-off versus Oleg Kvasha in Sharks zone.
2:06 of 2nd period - Jack Johnson is hit by Dany Heatley and loses puck.
2:27 of 2nd period - Snap shot by Daniel Sedin.
2:27 of 2nd period - Stopped by Marty Turco without a rebound.
2:27 of 2nd period - Minor Penalty to Jack Johnson for Holding.
2:28 of 2nd period - Henrik Sedin wins face-off versus Mike Comrie in Avalanche zone.
2:31 of 2nd period - Snap shot by Henrik Sedin.
2:31 of 2nd period - Stopped by Marty Turco with a rebound.
2:35 of 2nd period - Snap shot by Henrik Sedin.
2:35 of 2nd period - Shot Misses the Net.
2:37 of 2nd period - Wrist shot by Filip Kuba.
2:37 of 2nd period - Deflect By Henrik Sedin.
2:37 of 2nd period - Shot Blocked by Shane O'Brien.
2:37 of 2nd period - Puck is out of play.
2:38 of 2nd period - Henrik Sedin wins face-off versus Mike Comrie in Avalanche zone.
2:41 of 2nd period - Snap shot by Henrik Sedin.
2:41 of 2nd period - Shot Misses the Net.
2:43 of 2nd period - Wrist shot by Georges Laraque.
2:43 of 2nd period - Stopped by Marty Turco without a rebound.
2:44 of 2nd period - Henrik Sedin wins face-off versus Mike Comrie in Avalanche zone.
4:03 of 2nd period - Dany Heatley is hit by Andrew Ladd and loses puck.
4:27 of 2nd period - Penalty to Jack Johnson is over, Jack Johnson is back on ice.
4:30 of 2nd period - Jack Johnson is hit by Adam Pardy and loses puck.
4:59 of 2nd period - Ryan Smyth is hit by David Krejci and loses puck.
5:12 of 2nd period - Tomas Fleischmann is hit by Brian Campbell and loses puck.
5:40 of 2nd period - Filip Kuba is hit by Bryan Little and loses puck.
6:01 of 2nd period - Wrist shot by Ian Laperriere.
6:01 of 2nd period - Shot Misses the Net.
6:03 of 2nd period - Snap shot by Daniel Sedin.
6:03 of 2nd period - Deflect By Ian Laperriere.
6:03 of 2nd period - Stopped by Marty Turco with a rebound.
6:05 of 2nd period - Snap shot by Daniel Sedin.
6:05 of 2nd period - Stopped by Marty Turco with a rebound.
6:15 of 2nd period - Mike Comrie is hit by Dany Heatley and loses puck.
7:22 of 2nd period - Daniel Sedin is hit by Dave Tanabe and loses puck.
7:48 of 2nd period - Minor Penalty to David Krejci for Tripping.
7:49 of 2nd period - Oleg Kvasha wins face-off versus Dany Heatley in Sharks zone.
7:50 of 2nd period - Slapshot by Jason Pominville.
7:50 of 2nd period - Shot Misses the Net.
7:52 of 2nd period - Slapshot by Jack Johnson.
7:52 of 2nd period - Stopped by Tyler Weiman with a rebound.
7:54 of 2nd period - Slapshot by Ryan Smyth.
7:54 of 2nd period - Shot Blocked by Dany Heatley.
7:56 of 2nd period - Wrist shot by Ryan Smyth.
7:56 of 2nd period - Goal by Ryan Smyth - Avalanche : 2 - Sharks : 1.
7:57 of 2nd period - Oleg Kvasha wins face-off versus Georges Laraque in neutral zone.
8:00 of 2nd period - Joni Pitkanen is hit by Jason Pominville and loses puck.
8:23 of 2nd period - Daniel Sedin is hit by Mike Comrie and loses puck.
8:28 of 2nd period - Wrist shot by Mike Comrie.
8:28 of 2nd period - Shot Misses the Net.
8:49 of 2nd period - Adam Mair is hit by Maxim Talbot and loses puck.
9:14 of 2nd period - Wrist shot by Bryan Little.
9:14 of 2nd period - Deflect By Richard Zednik.
9:14 of 2nd period - Goal by Richard Zednik - Avalanche : 3 - Sharks : 1.
9:15 of 2nd period - Georges Laraque wins face-off versus Oleg Kvasha in neutral zone.
9:46 of 2nd period - Slapshot by Adam Pardy.
9:46 of 2nd period - Stopped by Marty Turco with a rebound.
9:48 of 2nd period - Snap shot by Adam Pardy.
9:48 of 2nd period - Shot Misses the Net.
9:50 of 2nd period - Slapshot by Andrei Markov.
9:50 of 2nd period - Stopped by Marty Turco without a rebound.
9:51 of 2nd period - Mike Comrie wins face-off versus Mikko Koivu in Avalanche zone.
9:56 of 2nd period - Filip Kuba is hit by Corey Perry.
10:04 of 2nd period - Mikko Koivu is hit by Shane O'Brien.
10:25 of 2nd period - Oleg Kvasha is hit by Joni Pitkanen and loses puck.
10:31 of 2nd period - Icing by Ryan Smyth.
10:32 of 2nd period - Henrik Sedin wins face-off versus Oleg Kvasha in Avalanche zone.
10:34 of 2nd period - Minor Penalty to Dave Tanabe for Hooking.
10:35 of 2nd period - Mike Comrie wins face-off versus Henrik Sedin in Avalanche zone.
10:41 of 2nd period - Icing by Dany Heatley.
10:42 of 2nd period - Georges Laraque wins face-off versus Mike Comrie in Sharks zone.
11:48 of 2nd period - Wrist shot by Dany Heatley.
11:48 of 2nd period - Deflect By Henrik Sedin.
11:48 of 2nd period - Stopped by Marty Turco without a rebound.
11:49 of 2nd period - Chuck Kobasew wins face-off versus Mikko Koivu in Avalanche zone.
11:58 of 2nd period - Backhand shot by Mikko Koivu.
11:58 of 2nd period - Stopped by Marty Turco with a rebound.
12:14 of 2nd period - Adam Pardy is hit by Shane O'Brien and loses puck.
12:34 of 2nd period - Penalty to Dave Tanabe is over, Dave Tanabe is back on ice.
13:09 of 2nd period - Major Penalty to Ryan Smyth for Kneeing.
13:10 of 2nd period - Mikko Koivu wins face-off versus Mike Comrie in Avalanche zone.
14:00 of 2nd period - Mike Comrie is hit by Ian Laperriere and loses puck.
14:26 of 2nd period - Andrew Ladd is hit by Dany Heatley and loses puck.
15:12 of 2nd period - Dave Tanabe is hit by Henrik Sedin.
15:16 of 2nd period - Georges Laraque is hit by Dave Tanabe and loses puck.
16:12 of 2nd period - Slapshot by Filip Kuba.
16:12 of 2nd period - Stopped by Marty Turco without a rebound.
16:13 of 2nd period - Tomas Fleischmann wins face-off versus Bryan Little in Avalanche zone.
17:06 of 2nd period - Wrist shot by Patrick Eaves.
17:06 of 2nd period - Shot Blocked by Marc Staal.
18:09 of 2nd period - Penalty to Ryan Smyth is over, Ryan Smyth is back on ice.
18:36 of 2nd period - Icing by Adam Pardy.
18:37 of 2nd period - Maxim Talbot wins face-off versus Adam Mair in Sharks zone.
19:18 of 2nd period - Wrist shot by Henrik Sedin.
19:18 of 2nd period - Stopped by Marty Turco with a rebound.
19:28 of 2nd period - Mike Comrie is hit by Ryan Callahan and loses puck.
19:43 of 2nd period - Filip Kuba is hit by Rostislav Olesz and loses puck.
3rd period
0:01 of 3rd period - Henrik Sedin wins face-off versus Oleg Kvasha in neutral zone.
0:06 of 3rd period - Snap shot by Henrik Sedin.
0:06 of 3rd period - Deflect By Dany Heatley.
0:06 of 3rd period - Stopped by Marty Turco without a rebound.
0:07 of 3rd period - Henrik Sedin wins face-off versus Oleg Kvasha in Avalanche zone.
0:16 of 3rd period - Snap shot by Jason Pominville.
0:16 of 3rd period - Shot Misses the Net.
0:19 of 3rd period - Icing by Joni Pitkanen.
0:20 of 3rd period - Oleg Kvasha wins face-off versus Henrik Sedin in Sharks zone.
0:35 of 3rd period - Slapshot by Ryan Smyth.
0:35 of 3rd period - Stopped by Tyler Weiman with a rebound.
1:26 of 3rd period - Slapshot by Jack Johnson.
1:26 of 3rd period - Deflect By Patrick Eaves.
1:26 of 3rd period - Stopped by Tyler Weiman with a rebound.
1:50 of 3rd period - Snap shot by Shane O'Brien.
1:50 of 3rd period - Shot Blocked by Alex Pietrangelo.
1:52 of 3rd period - Wrist shot by Oleg Kvasha.
1:52 of 3rd period - Deflect By Ryan Smyth.
1:52 of 3rd period - Goal by Ryan Smyth - Avalanche : 4 - Sharks : 1.
1:52 of 3rd period - Martin Biron enters game.
1:53 of 3rd period - Henrik Sedin wins face-off versus Oleg Kvasha in neutral zone.
1:56 of 3rd period - Slapshot by Filip Kuba.
1:56 of 3rd period - Deflect By Drew Doughty.
1:56 of 3rd period - Stopped by Marty Turco with a rebound.
2:08 of 3rd period - Wrist shot by Ryan Smyth.
2:08 of 3rd period - Shot Misses the Net.
3:22 of 3rd period - Off-side.
3:23 of 3rd period - Oleg Kvasha wins face-off versus Mikko Koivu in neutral zone.
3:27 of 3rd period - Minor Penalty to Alex Pietrangelo for Roughing.
3:28 of 3rd period - Dany Heatley wins face-off versus Oleg Kvasha in Sharks zone.
4:27 of 3rd period - Snap shot by Daniel Sedin.
4:27 of 3rd period - Shot Misses the Net.
5:17 of 3rd period - Henrik Sedin is hit by Oleg Kvasha and loses puck.
5:27 of 3rd period - Penalty to Alex Pietrangelo is over, Alex Pietrangelo is back on ice.
5:35 of 3rd period - Erik Cole is hit by David Krejci and loses puck.
5:54 of 3rd period - Chuck Kobasew is hit by Henrik Sedin and loses puck.
6:41 of 3rd period - Snap shot by Alex Pietrangelo.
6:41 of 3rd period - Deflect By David Krejci.
6:41 of 3rd period - Shot Misses the Net.
6:41 of 3rd period - Puck is out of play.
6:42 of 3rd period - Oleg Kvasha wins face-off versus Mikko Koivu in Avalanche zone.
6:55 of 3rd period - Slapshot by Mikko Koivu.
6:55 of 3rd period - Stopped by Marty Turco without a rebound.
6:56 of 3rd period - Mikko Koivu wins face-off versus Oleg Kvasha in Avalanche zone.
6:57 of 3rd period - Wrist shot by Daniel Sedin.
6:57 of 3rd period - Shot Blocked by Drew Doughty.
7:05 of 3rd period - Wrist shot by Mikko Koivu.
7:05 of 3rd period - Stopped by Marty Turco without a rebound.
7:06 of 3rd period - Oleg Kvasha wins face-off versus Mikko Koivu in Avalanche zone.
7:06 of 3rd period - Oleg Kvasha is hit by Daniel Sedin.
7:16 of 3rd period - Ryan Smyth is hit by Daniel Sedin and loses puck.
7:23 of 3rd period - Snap shot by Marc Staal.
7:23 of 3rd period - Stopped by Martin Biron without a rebound.
7:24 of 3rd period - Adam Mair wins face-off versus Corey Perry in Sharks zone.
7:24 of 3rd period - Adam Mair is hit by Erik Cole.
7:49 of 3rd period - Tomas Fleischmann is hit by Rostislav Olesz and loses puck.
7:54 of 3rd period - Slapshot by Bryan Little.
7:54 of 3rd period - Stopped by Martin Biron with a rebound.
7:56 of 3rd period - Snap shot by Rostislav Olesz.
7:56 of 3rd period - Stopped by Martin Biron without a rebound.
7:57 of 3rd period - Mikko Koivu wins face-off versus Oleg Kvasha in Sharks zone.
8:10 of 3rd period - Wrist shot by Mikko Koivu.
8:10 of 3rd period - Shot Blocked by Drew Doughty.
8:12 of 3rd period - Wrist shot by Ian Laperriere.
8:12 of 3rd period - Stopped by Marty Turco with a rebound.
9:01 of 3rd period - Off-side.
9:02 of 3rd period - Adam Mair wins face-off versus Maxim Talbot in neutral zone.
9:32 of 3rd period - Shane O'Brien is hit by Henrik Sedin and loses puck.
9:36 of 3rd period - Icing by Shane O'Brien.
9:37 of 3rd period - Oleg Kvasha wins face-off versus Henrik Sedin in Avalanche zone.
9:44 of 3rd period - Wrist shot by Henrik Sedin.
9:44 of 3rd period - Stopped by Marty Turco without a rebound.
9:45 of 3rd period - Oleg Kvasha wins face-off versus Henrik Sedin in Avalanche zone.
10:11 of 3rd period - Icing by Filip Kuba.
10:12 of 3rd period - Daniel Sedin wins face-off versus Mike Comrie in Sharks zone.
10:24 of 3rd period - Mike Comrie is hit by Mikko Koivu.
11:04 of 3rd period - Slapshot by Jack Johnson.
11:04 of 3rd period - Stopped by Martin Biron with a rebound.
11:06 of 3rd period - Slapshot by Brian Campbell.
11:06 of 3rd period - Shot Blocked by Andrei Markov.
11:20 of 3rd period - Wrist shot by Chuck Kobasew.
11:20 of 3rd period - Stopped by Martin Biron without a rebound.
11:21 of 3rd period - David Krejci wins face-off versus Maxim Talbot in Sharks zone.
11:44 of 3rd period - Snap shot by Andrew Ladd.
11:44 of 3rd period - Stopped by Martin Biron without a rebound.
11:45 of 3rd period - Henrik Sedin wins face-off versus Oleg Kvasha in Sharks zone.
12:13 of 3rd period - Daniel Sedin is hit by Drew Doughty and loses puck.
13:41 of 3rd period - Wrist shot by Corey Perry.
13:41 of 3rd period - Shot Misses the Net.
13:43 of 3rd period - Slapshot by Shane O'Brien.
13:43 of 3rd period - Stopped by Martin Biron without a rebound.
13:44 of 3rd period - Mike Comrie wins face-off versus Dany Heatley in Sharks zone.
13:45 of 3rd period - Snap shot by Erik Cole.
13:45 of 3rd period - Stopped by Martin Biron without a rebound.
13:46 of 3rd period - Henrik Sedin wins face-off versus Mike Comrie in Sharks zone.
14:11 of 3rd period - Henrik Sedin is hit by Rostislav Olesz and loses puck.
14:16 of 3rd period - Snap shot by Bryan Little.
14:16 of 3rd period - Shot Misses the Net.
14:18 of 3rd period - Slapshot by Bryan Little.
14:18 of 3rd period - Stopped by Martin Biron with a rebound.
14:20 of 3rd period - Snap shot by Drew Doughty.
14:20 of 3rd period - Stopped by Martin Biron with a rebound.
14:22 of 3rd period - Wrist shot by Bryan Little.
14:22 of 3rd period - Shot Misses the Net.
14:24 of 3rd period - Wrist shot by Richard Zednik.
14:24 of 3rd period - Shot Misses the Net.
14:46 of 3rd period - Slapshot by Filip Kuba.
14:46 of 3rd period - Stopped by Marty Turco with a rebound.
14:52 of 3rd period - Wrist shot by Dany Heatley.
14:52 of 3rd period - Stopped by Marty Turco without a rebound.
14:53 of 3rd period - Oleg Kvasha wins face-off versus Mikko Koivu in Avalanche zone.
14:53 of 3rd period - Oleg Kvasha is hit by Daniel Sedin.
14:59 of 3rd period - Wrist shot by Oleg Kvasha.
14:59 of 3rd period - Deflect By Adam Pardy.
14:59 of 3rd period - Stopped by Martin Biron with a rebound.
15:01 of 3rd period - Slapshot by Jack Johnson.
15:01 of 3rd period - Shot Misses the Net.
15:03 of 3rd period - Snap shot by Ryan Smyth.
15:03 of 3rd period - Stopped by Martin Biron with a rebound.
16:18 of 3rd period - Andrei Markov is hit by Chuck Kobasew and loses puck.
16:37 of 3rd period - Adam Pardy is hit by Jason Pominville and loses puck.
16:48 of 3rd period - Slapshot by Adam Pardy.
16:48 of 3rd period - Shot Misses the Net.
16:50 of 3rd period - Snap shot by Henrik Sedin.
16:50 of 3rd period - Stopped by Marty Turco with a rebound.
18:17 of 3rd period - Wrist shot by Brian Campbell.
18:17 of 3rd period - Shot Blocked by Alex Pietrangelo.
18:25 of 3rd period - Wrist shot by Patrick Eaves.
18:25 of 3rd period - Stopped by Marty Turco with a rebound.
18:42 of 3rd period - Jack Johnson is hit by Dany Heatley and loses puck.
19:11 of 3rd period - Wrist shot by Corey Perry.
19:11 of 3rd period - Stopped by Martin Biron without a rebound.
19:12 of 3rd period - Henrik Sedin wins face-off versus Oleg Kvasha in Sharks zone.
19:38 of 3rd period - Marc Staal is hit by Adam Mair and loses puck.
Output by the SimonT Hockey Simulator (STHS) for François Prévost -- Original Page W3C XHTML 1.0 Valid